 Dungeon Crawl Stone Soup version 0.28.0-53-g5a82cb258f (webtiles) character file.

Game seed: 3502095420527952097

48 Sin92 the Skirmisher (level 3, -1/29 HPs)
             Began as a Demonspawn Fighter on July 7, 2022.
             Succumbed to Robin's poison
             ... on level 2 of the Dungeon.
             The game lasted 00:01:06 (876 turns).

Sin92 the Skirmisher (Demonspawn Fighter)            Turns: 876, Time: 00:01:07

Health: -1/29      AC:  6    Str: 18    XL:     3   Next: 50%
Magic:  3/3        EV:  9    Int:  9    God:
Gold:   7          SH:  8    Dex: 12    Spells: 2/2 levels left

rFire   . . .      SeeInvis +   a - +0 war axe
rCold   . . .      Faith    .   c - +0 buckler
rNeg    . . .      Spirit   .   b - +0 scale mail
rPois   .          Reflect  .   (helmet restricted)
rElec   .          Harm     .   (no cloak)
rCorr   .          Rampage  .   (no gloves)
Will    .....                   (no boots)
Stlth   ..........              (no amulet)
HPRegen 0.00/turn               (no ring)
MPRegen 0.08/turn               (no ring)

@: mighty, lethally poisoned (-1 -> -14), flying, inhibited regen
A: antennae 2, large bone plates 1, see invisible, inhibited regeneration
a: no special abilities


You were on level 2 of the Dungeon.
You visited 1 branch of the dungeon, and saw 2 of its levels.

You collected 7 gold pieces.

Inventory:

Hand Weapons
 a - a +0 war axe (weapon)
Armour
 b - a +0 scale mail (worn)
 c - a +0 buckler (worn)
Scrolls
 f - a scroll of noise {unknown}
 g - 3 scrolls of enchant weapon {unknown}
 h - 3 scrolls of identify {unknown}


   Skills:
 + Level 3.4 Fighting
 + Level 2.3 Axes
 + Level 3.1 Armour
 + Level 3.1 Shields


You had 2 spell levels left.
You didn't know any spells.
Your spell library contained the following spells:

 Spells                   Type           Power      Damage    Failure   Level
 Magic Dart               Conj           0%         1d3       86%         1
 Call Imp                 Summ           0%         N/A       94%         2
 Mephitic Cloud           Conj/Pois/Air  0%         N/A       99%         3


Dungeon Overview and Level Annotations

Branches:
Dungeon (2/15)

Altars:

Shops:
D:1 *?:


Innate Abilities, Weirdness & Mutations

You have a pair of antennae on your head.
You are partially covered in large bone plates. (SH +4)
You have supernaturally acute eyesight. (SInv)
You do not regenerate when monsters are visible.


Message History

You kill the goblin!
You slash the hobgoblin!
You kill the hobgoblin! 2 goblins and 2 hobgoblins come into view.
The goblin shouts! x2; The hobgoblin shouts!
The goblin shouts!
The hobgoblin shouts!
The goblin shouts!
A goblin comes into view. It is wielding a +0 club.
Robin hits you with a +1 whip of venom.
You are poisoned.
A goblin comes into view. It is wielding a +0 dagger.
The goblin moves out of view.
You barely miss Robin.
You feel very sick.
The goblin shouts! x2
Robin hits you but does no damage.
You are more poisoned.
You closely miss Robin. You hit the goblin.
You kill the goblin!
You feel very sick.
The hobgoblin no longer looks unusually strong.
Robin misses you.
Unknown command.
You feel sick. The goblin hits you but does no damage.
You block the goblin's attack. Robin hits you with a +1 whip of venom.
You are lethally poisoned!
The hobgoblin hits you.
* * * LOW HITPOINT WARNING * * *
You slash the goblin!
You kill the goblin!
You slash the goblin!
You kill the goblin!
You closely miss the hobgoblin. You slash Robin!
You kill Robin!
* * * LOW HITPOINT WARNING * * *
You feel very sick.
The goblin no longer looks unusually strong.
It was a potion of mutation.
You feel extremely strange.
The antennae on your head grow some more.
Your regeneration stops near monsters.
Your vision sharpens.
You die...

.#.#...####
#.....#....#
#.#.(......#
#.###....#
##. #.>..#
..#..####.###
#.....#)†.#
## #.).###
##)@#
......ggg.#
##.###.##gg..
.. g..... ###
..... .....
.... ....


You could see 2 hobgoblins and 4 goblins.

Vanquished Creatures
  Robin (D:2)
  An adder (D:2)
  A ball python (D:1)
  3 endoplasms (D:1)
  A giant cockroach (D:1)
  6 goblins
  4 hobgoblins
  2 kobolds
  A quokka (D:1)
  2 bats (D:1)
  3 frilled lizards (D:1)
  2 rats (D:1)
27 creatures vanquished.

Notes
Turn   | Place    | Note
-------+----------+-------------------------------------------
     0 | D:1      | Sin92 the Demonspawn Fighter began the quest for the Orb.
     0 | D:1      | Reached XP level 1. HP: 18/18 MP: 1/1
    48 | D:1      | Found Huzawkurch's Book Shoppe.
    89 | D:1      | Found Hokiu's Magic Scroll Shop.
   164 | D:1      | Found Ahiemeitt's Assorted Antiques.
   171 | D:1      | Gained mutation: You have a pair of small antennae on your
                  | head. [demonic ancestry]
   171 | D:1      | Reached XP level 2. HP: 22/24 MP: 2/2
   328 | D:1      | Found a faded altar of an unknown god.
   862 | D:2      | Noticed Robin
   868 | D:2      | Gained mutation: You are partially covered in large bone
                  | plates. (SH +4) [demonic ancestry]
   868 | D:2      | Reached XP level 3. HP: 25/29 MP: 3/3
   875 | D:2      | Killed Robin
   876 | D:2      | Gained mutation: You have a pair of antennae on your head.
                  | [potion of mutation]
   876 | D:2      | Gained mutation: You do not regenerate when monsters are
                  | visible. [potion of mutation]
   876 | D:2      | Gained mutation: You have supernaturally acute eyesight.
                  | (SInv) [potion of mutation]
   876 | D:2      | Succumbed to Robin's poison

Illustrated notes

Levels and vault maps discovered:
D:1:      nzn_arrival_depleted_hourglass, layout_rooms,
          ebering_ecumenical_altar_webs, serial_shops, shop_scrolls,
          nicolae_shop_statue_plus, nicolae_shop_overgrown_old_shop
D:2:      layout_rooms, minmay_diced_spiral, uniq_robin

Skill      XL: |  1  2 |
---------------+-------+-----
Axes           | 2 |  2.3
Armour         | 3 |  3.1
Shields        | 3 |  3.1
Fighting       | |  3.4

Action                   || total
-------------------------++-------
Melee: War axe           ||    62
  Use: Potion            ||     3
Armor: Scale mail        ||    25
Dodge: Dodged            ||    29
Block: Buckler           ||    17
